 Dungeon Crawl Stone Soup version bcrawl-1.40 (webtiles) character file.

Game seed: 9396720006710810482

8379673 Rhok the Slayer (level 19, -2/137 HPs)
             Began as a Skeleton Rogue on Oct 15, 2023.
             Was an Initiate of Gozag.
             Killed by the air
             ... invoked by Sojobo
              (46 damage)
             ... on level 2 of the Vaults on Oct 16, 2023.
             The game lasted 02:21:27 (47973 turns).

Rhok the Slayer (Skeleton Rogue)                   Turns: 47973, Time: 02:21:28

Health: -2/137     AC: 30    Str: 33 (34) XL:     19   Next: 42%
Magic:  0/20       EV: 13    Int: 14 (15) God:    Gozag
Gold:   1634       SH: 15    Dex: 12      Spells: 18/18 levels left

rFire    + . .     GDR:     36% j - +5 war axe (elec)
rCold    + + .     SeeInvis +   t - +0 medium shield
rNeg     + + +     Gourm    .   P - +3 chain mail {MR+}
rPois    ∞         Faith    .   a - +3 crown of Dyrovepreva {rElec Int+2 SInv}
rElec    +         Spirit   +   d - +2 cloak
rCorr    .         Reflect  .   N - +2 pair of gloves {Str+3}
MR       +++..                  w - +2 pair of boots {run}
Stlth    ++........             h - amulet of regeneration
HPRegen  0.32/turn              J - ring of Summertime {rF+ rC+ Int+2 Stlth+}
MPRegen  0.17/turn              k - +8 ring of strength

@: flying (expiring), quick
A: no food or potions, cold resistance 1, deterioration 1, negative energy
resistance 3, powered by death 2, torment resistance, unbreathing, magic shield,
sturdy frame 2, spell healing
}: 2/15 runes: barnacled, gossamer
a: Potion Petition, Call Merchant, Bribe Branch, Renounce Religion


You were on level 2 of the Vaults.
You worshipped Gozag.
Gozag was most pleased with you.
You were not hungry.

You visited 8 branches of the dungeon, and saw 29 of its levels.

You collected 11842 gold pieces.
You spent 2739 gold pieces at shops.
You paid 7469 gold pieces to Gozag.

Inventory:

Hand Weapons
 j - a +5 war axe of electrocution (weapon)
 r - a +2 trident of protection
 u - a +0 broad axe
 A - a +1 demon trident of electrocution
Missiles
 e - 461 poisoned needles
 n - 9 throwing nets {=f}
 x - 2315 javelins
 y - 1051 poisoned tomahawks (quivered)
 M - 39 needles of confusion
Armour
 a - the +3 crown of Dyrovepreva (worn) {rElec Int+2 SInv}
   (You bought it in a shop in the Orcish Mines)

   It affects your intelligence (+2).
   It insulates you from electricity.
   It lets you see invisible.
 d - a +2 cloak (worn)
 t - a +0 medium shield (worn)
 w - a +2 pair of boots of running (worn)
 G - a +3 plate armour
 N - a +2 pair of gloves of strength (worn)
 P - a +3 chain mail of magic resistance (worn)
Jewellery
 h - an amulet of regeneration (around neck)
 k - a +8 ring of strength (right hand)
 D - the ring "Fafays" {Wiz rF+}
   (You took it off a merfolk javelineer on level 3 of the Shoals)

   [ring of wizardry]

   It improves your spell success rate.
   It protects you from fire.
 F - a +3 ring of evasion
 J - the ring of Summertime (left hand) {rF+ rC+ Int+2 Stlth+}
   (You found it on level 1 of the Lair of Beasts)

   [ring of protection from fire]

   It affects your intelligence (+2).
   It protects you from fire.
   It protects you from cold.
   It makes you more stealthy.
 L - the ring of Autumn {Ice MP+9}
   (You found it on level 6 of the Dungeon)

   [ring of ice]

   It enhances your ice magic.
   It makes you vulnerable to fire.
   It protects you from cold.
   It affects your magic capacity (+9).
 R - an uncursed ring of protection from fire
Wands
 f - a wand of disintegration (3)
 g - a wand of charming (26)
 l - a wand of iceblast (18)
 q - a wand of acid (2)
 E - a wand of scattershot (3)
 I - a wand of polymorph (46)
 K - a wand of paralysis (9)
 O - a wand of flame (15)
 Q - a wand of digging (8)
Scrolls
 b - a scroll of torment
 c - 4 scrolls of revelation
 i - 3 scrolls of summoning
 m - 2 scrolls of blinking
 o - 7 scrolls of teleportation
 p - 2 scrolls of vulnerability
 s - 10 scrolls of remove curse
 v - 2 scrolls of brand weapon
 z - 5 scrolls of fog
 C - 3 scrolls of fear
 H - 4 scrolls of immolation


   Skills:
 - Level 21.0 Fighting
   Level 5.0 Short Blades
 - Level 13.7(16.0) Axes
 - Level 14.0(16.0) Polearms
 - Level 5.0 Throwing
 * Level 15.0 Armour
 - Level 10.0 Dodging
 - Level 4.8 Stealth
 - Level 16.0 Shields
 - Level 1.7 Evocations


You had 18 spell levels left.
You didn't know any spells.
Your spell library contained the following spells:

 Spells                   Type           Power        Failure   Level  Hunger
 Apportation              Tloc           #.....       88%         1    N/A
 Corona                   Hex            #......      88%         1    N/A
 Infusion                 Chrm           #.......     88%         1    N/A
 Magic Dart               Conj           #...         88%         1    N/A
 Necrotize                Necr           #.....       88%         1    N/A
 Sandblast                Erth           #.....       88%         1    N/A
 Slow                     Hex            #.......     88%         1    N/A
 Summon Butterflies       Summ           #.......     88%         1    N/A
 Blink                    Tloc           N/A          95%         2    N/A
 Call Imp                 Summ           #.....       95%         2    N/A
 Passwall                 Tmut/Erth      #.......     95%         2    N/A
 Song of Slaying          Chrm           #.......     95%         2    N/A
 Sticks to Snakes         Tmut           #.......     95%         2    N/A
 Swiftness                Chrm/Air       #.......     95%         2    N/A
 Conjure Flame            Conj/Fire      #.......     99%         3    N/A
 Mephitic Cloud           Conj/Pois/Air  #.......     99%         3    N/A
 Ozocubu's Armour         Chrm/Ice       #.......     99%         3    N/A
 Spectral Weapon          Hex/Chrm       #.......     99%         3    N/A
 Stone Arrow              Conj/Erth      #.....       99%         3    N/A
 Vampiric Draining        Necr           #.........   99%         3    N/A
 Agony                    Necr           #.......     100%        4    N/A
 Airstrike                Air            #.........   100%        4    N/A
 Animate Dead             Necr           N/A          100%        4    N/A
 Petrify                  Tmut/Erth      #.........   100%        4    N/A
 Dispel Undead            Necr           #.......     100%        5    N/A
 Lee's Rapid Deconstruct  Erth           #.........   100%        5    N/A
 Silence                  Hex/Air        #.........   100%        5    N/A
 Borgnjor's Vile Clutch   Necr/Erth      #.........   100%        6    N/A
 Conjure Ball Lightning   Conj/Air       #.........   100%        6    N/A
 Deflect Missiles         Chrm/Air       #.........   100%        6    N/A
 Simulacrum               Ice/Necr       #.......     100%        6    N/A
 Icicle Burst             Conj/Ice       #.........   100%        7    N/A
 Summon Fire Elementals   Fire/Summ      #........    100%        7    N/A
 Tornado                  Tloc/Air       #.........   100%        8    N/A
 Shatter                  Erth           #.........   100%        9    N/A
 Beastly Appendage        Tmut           Unusable     N/A         1    N/A
 Sublimation of Blood     Necr           Unusable     N/A         2    N/A
 Regeneration             Chrm/Necr      Unusable     N/A         3    N/A
 Spider Form              Tmut/Pois      Unusable     N/A         3    N/A
 Ice Form                 Ice/Tmut       Unusable     N/A         4    N/A
 Blade Hands              Tmut           Unusable     N/A         5    N/A

Dungeon Overview and Level Annotations

Branches:
Dungeon (12/12)            Temple (1/1) D:7            Lair (6/6) D:9
 Shoals (3/3) Lair:2       Spider (3/3) Lair:4        Slime (0/5) Orc
    Orc (1/1) D:10            Elf (1/3) Lair:6       Vaults (2/3) D:11
  Crypt (0/2) Vaults:1     Depths (0/5) D:12

Altars:
Ashenzari
Cheibriados
Dithmenos
Gozag
Hepliaklqana
Kikubaaqudgha
Makhleb
Nemelex Xobeh
Qazlal
Trog
Uskayaw
Vehumet
Xom
Yredelemnul
Jiyva

Shops:
D:5 ?   D:6 *   D:7 =   D:8 %   Orc (([[!*   Shoals:1 **?   Shoals:2 [

Annotations:
D:3 exclusions: adder and ice beast
D:8 exclusion: downstairs
D:10 2 runed doors
D:11 3 runed doors, exclusion: orange crystal statue
Lair:4 exclusion: door
Lair:6 2 runed doors
Shoals:2 2 transporters, case's ghost, adept MiBe
Spider:2 Roxanne
Spider:3 exclusions: orange crystal statue and upstairs
Elf:1 ! ENTRANCE FULL OF GUYS
Vaults:2 Sojobo


Innate Abilities, Weirdness & Mutations

You do not eat or drink.
You are immune to poison.
Your flesh is cold resistant. (rC+)
Your body sometimes deteriorates upon taking damage.
You are immune to negative energy. (rN+++)
You regenerate health from kills.
You are immune to unholy pain and torment.
You can survive without breathing.
When hurt, damage is shared between your health and your magic reserves.
Your movements are less encumbered by armour. (ER -4)
Casting spells heals you.


Message History

Ye block tha air elemn'tal's attack.
Sojobo hits ye but does nay damage.
Sojobo pecks ye.
Sojobo claws ye but does nay damage.
Ye block tha air elemn'tal's attack. x2
Yer shield prevents ye from hittin' Sojobo.
Sojobo be almost dead.
Ye hit tha t'ngu rea'er but do nay damage.
Ye slash tha air elemn'tal!
Ye barely miss tha air elemn'tal.
Ye be 'ngulfed in ragin' winds.
Ye block tha air elemn'tal's attack. x2
Ye hit Sojobo but do nay damage.
Sojobo be almost dead.
Ye hit tha air elemn'tal.
Ye miss tha air elemn'tal.
Ye be 'ngulfed in ragin' winds.
Tha winds around tha air elemn'tal start ta calm down.
Ye block tha air elemn'tal's attack.
Tha air elemn'tal hits ye but does nay damage. x2
Ye block tha air elemn'tal's attack.
Sojobo waves his feathard arms in wide circles.
Tha air twists around an' violently strikes ye in flight!!!
Ye die...
Yer body crumbles inta a pile o' gold.

#)...)##..)..#
#..#......#..#
#..#......#..'
#..##....##..#
#p.########..#
#..########..#
########..##....##..#
#.§§QQ§#*.#....$.#..#
#.§§@E§§..#.....$#..#
#.§§E§§#.....##.....#
#.§§§§§###########''#
#.§§§§§# ##...#
#......# ##.....
#......# ##...[..
######## ##....#..
#..).###. #..)## ##


You could see Sojobo, a tengu reaver, 2 air elementals and a battlesphere.

Vanquished Creatures
  Rupert (Lair:4)
  Polyphemus (Shoals:3)
  A sphinx (Vaults:2)
  Agnes (Spider:1)
  A tengu reaver (Vaults:2)
  A ghoul (Vaults:1)
  4 ghost moths
  A war gargoyle (Vaults:1)
  6 vault wardens
  3 emperor scorpions (Spider:3)
  5 ironheart preservers
  A deep elf annihilator (Vaults:1)
  2 deep elf demonologists (Vaults:1)
  An entropy weaver (Spider:1)
  13 dire elephants
  4 spark wasps
  9 merfolk javelineers
  Urug (Lair:5)
  6 merfolk impalers
  A fire dragon (Vaults:1)
  3 yaktaur captains
  4 rakshasas (Vaults:1)
  A hydra (shapeshifter) (Vaults:1)
  7 hydras
  2 catoblepae
  2 vault guards (Vaults:1)
  An ice dragon (Shoals:2)
  Harold (Lair:1)
  3 death knights
  2 great orbs of eyes (Vaults:1)
  9 ogre magi
  32 two-headed ogres
  3 merfolk avatars
  A queen ant (Lair:4)
  Sonja (Lair:5)
  An alligator (Lair:4)
  5 merfolk aquamancers (Shoals:3)
  A deep troll shaman (Vaults:1)
  An alligator snapping turtle (Shoals:3)
  3 satyrs
  8 sea snakes
  5 ironheart beastmasters
  10 death yaks
  3 tengu warriors
  An orc high priest (Orc)
  3 deep troll earth magi
  4 deep elf knights (Vaults:1)
  A fire crab (Lair:6)
  14 centaur warriors
  8 deep trolls
  A hell knight (Vaults:2)
  A skeletal warrior (D:12)
  2 glowing orange brains (Vaults:2)
  2 orange crystal statues
  5 wizards
  5 unseen horrors
  2 unseen horrors (shapeshifter) (Vaults:2)
  10 ironheart convokers
  A lindwurm (Lair:6)
  5 cyclopes
  Pikel (D:8)
  2 wolf spider zombies
  3 deep elf archers
  3 necromancers (Vaults:1)
  3 phantasmal warriors
  8 harpies
  10 orb spiders
  2 orc knights (Orc)
  25 wolf spiders
  2 orc sorcerers (Orc)
  8 fauns
  An oklob plant (Lair:6)
  A shining eye (shapeshifter) (D:8)
  7 deep elf magi
  10 ugly things
  12 manticores
  6 elephants (Lair:6)
  A salamander (D:12)
  11 merfolk sirens
  2 moths of wrath
  5 water nymphs
  A fire giant skeleton (Vaults:1)
  4 vault sentinels
  8 black mambas
  6 cane toads
  A stone giant skeleton (Vaults:1)
  A torpor snail (Spider:3)
  3 molten gargoyles (Lair:6)
  3 rime drakes
  9 demonic crawlers
  20 jumping spiders
  19 yaktaurs
  6 freezing wraiths
  5 komodo dragons
  A kobold demonologist (D:9)
  2 tengu conjurers
  2 human skeletons (Vaults:1)
  27 merfolk
  6 trolls
  3 polar bears
  3 wind drakes
  9 hornets
  4 dream sheep (Shoals:1)
  2 harpy skeletons
  18 hippogriffs
  6 slime creatures
  6 snapping turtles
  14 blink frogs
  3 meliai zombies
  A fire giant simulacrum (Vaults:1)
  Grum (Lair:5)
  18 tarantellas
  Sigmund (D:6)
  5 wraiths
  A vampire (D:12)
  6 wyverns
  13 water elementals (Shoals:3)
  11 yaks
  An elf zombie (Vaults:1)
  A human (D:7)
  4 steam dragons
  A yak (shapeshifter) (Vaults:1)
  4 hogs (D:7)
  9 basilisks
  3 vampire mosquitoes (D:12)
  7 wargs (Orc)
  20 redbacks
  9 crocodiles
  4 hell hounds (Lair:6)
  6 water moccasins
  4 acid dragons
  A soldier ant (shapeshifter) (Vaults:2)
  9 porcupines
  16 orc warriors
  2 sky beasts
  An ice beast (D:7)
  6 black bears
  21 soldier ants
  A slave (D:8)
  A necrophage (D:8)
  38 ogres
  An ettin simulacrum (Vaults:1)
  4 boggarts (Vaults:2)
  7 wolves
  22 bullfrogs
  4 kobold brigands
  2 yaktaur zombies (Vaults:1)
  A wyvern zombie (D:8)
  A gnoll sergeant (D:10)
  4 centaurs
  A wyvern skeleton (D:6)
  7 scorpions
  A killer bee (D:5)
  13 wights
  2 howler monkeys
  12 orc priests
  2 electric eels
  7 crimson imps
  5 lava snakes (Lair:6)
  2 hounds
  5 jellies
  A bullfrog skeleton (D:6)
  Jessica (D:2)
  4 iguanas
  19 orc wizards
  25 worker ants
  A hound zombie (D:6)
  A hound skeleton (D:10)
  2 worker ant zombies
  4 gnolls (D:10)
  14 adders
  A shadow imp (D:11)
  An ooze (D:3)
  An adder skeleton (D:8)
  An adder zombie (D:7)
  5 worms
  2 dart slugs
  7 leopard geckos
  53 orcs
  10 goblins
  8 hobgoblins
  5 jackals
  16 kobolds
  5 quokkas
  4 ball pythons
  5 bats
  8 frilled lizards
  A quokka zombie (D:5)
  4 rats (D:2)
  2 bushes (Lair:6)
  3 fungi
  21 plants
1116 creatures vanquished.

Vanquished Creatures (collateral kills)
  A wolf spider (Spider:1)
  An orc (D:9)
2 creatures vanquished.

Vanquished Creatures (others)
  A dancing weapon (Vaults:2)
  5 dream sheep (Lair:1)
  An orc warrior (D:9)
  A slave (D:8)
  A quasit (D:8)
  2 kobolds (D:8)
  A bush (Shoals:2)
  31 fungi
  20 plants
63 creatures vanquished.

Grand Total: 1181 creatures vanquished

Notes
Turn   | Place    | Note
-------+----------+-------------------------------------------
     0 | D:1      | Rhok the Skeleton Rogue began the quest for the Orb.
     0 | D:1      | Reached XP level 1. HP: 12/12 MP: 2/2
   144 | D:1      | Reached XP level 2. HP: 18/18 MP: 0/3
   335 | D:1      | Reached skill level 3 in Fighting
   524 | D:1      | Reached XP level 3. HP: 15/23 MP: 1/4
  1426 | D:2      | Reached skill level 4 in Fighting
  1426 | D:2      | Found a bloodstained altar of Trog.
  1428 | D:2      | Noticed Jessica
  1648 | D:2      | Found a shadowy altar of Dithmenos.
  1933 | D:3      | Reached XP level 4. HP: 22/30 MP: 5/5
  3284 | D:3      | Noticed an ice beast
  3311 | D:3      | Reached skill level 5 in Fighting
  3721 | D:4      | Reached XP level 5. HP: 35/35 MP: 6/6
  3804 | D:4      | Noticed an orc warrior
  3948 | D:4      | Killed an orc warrior
  3949 | D:4      | Reached skill level 5 in Short Blades
  3949 | D:4      | Gained mutation: You regenerate a little health from kills.
                  | [Skeleton growth]
  3949 | D:4      | Reached XP level 6. HP: 25/40 MP: 5/7
  4149 | D:4      | Noticed a yak
  4268 | D:2      | Found a stormy altar of Qazlal.
  4420 | D:2      | Killed Jessica
  4421 | D:2      | Reached skill level 1 in Armour
  4566 | D:2      | Found a shadowy altar of Dithmenos.
  4810 | D:2      | Found a stormy altar of Qazlal.
  5361 | D:4      | Reached XP level 7. HP: 44/44 MP: 8/8
  5966 | D:5      | Entered Level 5 of the Dungeon
  6177 | D:5      | Reached skill level 6 in Fighting
  6472 | D:5      | Found Tirauma's Magic Scroll Boutique.
  6485 | D:5      | Bought a scroll of blinking for 112 gold pieces
  6485 | D:5      | Bought a scroll of blinking for 112 gold pieces
  6485 | D:5      | Bought a scroll of teleportation for 45 gold pieces
  6485 | D:5      | Bought a scroll of enchant weapon for 112 gold pieces
  6515 | D:5      | Reached skill level 1 in Polearms
  6524 | D:5      | Reached XP level 8. HP: 43/51 MP: 7/9
  7418 | D:6      | Found Lososiex's General Store.
  7435 | D:6      | Bought a scroll of teleportation for 39 gold pieces
  7515 | D:6      | Found a blossoming altar of Fedhas.
  7792 | D:6      | Reached skill level 5 in Polearms
  7819 | D:6      | Found a basalt altar of Yredelemnul.
  8413 | D:6      | Found Lososiex's General Store.
  8459 | D:6      | Found a blossoming altar of Fedhas.
  8604 | D:6      | Noticed Sigmund
  8621 | D:6      | Killed Sigmund
  8692 | D:6      | Got a clouded silver ring
  8693 | D:6      | Identified the cursed ring of Autumn {Ice MP+9} (You found
                  | it on level 6 of the Dungeon)
  8876 | D:6      | Found a burning altar of Makhleb.
  9087 | D:7      | Reached XP level 9. HP: 50/55 MP: 10/10
  9151 | D:7      | Found Dak Byru's Jewellery Boutique.
  9153 | D:7      | Found a hide-covered altar of Uskayaw.
  9158 | D:7      | Found the +7 lajatang of Order {silver, rMut}
  9287 | D:7      | Noticed a red ugly thing
  9302 | D:7      | Killed a red ugly thing
  9303 | D:7      | Reached skill level 10 in Polearms
  9353 | D:7      | Found a staircase to the Ecumenical Temple.
  9362 | Temple   | Entered the Ecumenical Temple
  9407 | Temple   | Became a worshipper of Gozag Ym Sagoz the Greedy
  9467 | D:7      | Noticed a troll
  9473 | D:7      | Killed a troll
  9556 | D:7      | Noticed a troll
  9560 | D:7      | Killed a troll
  9942 | D:7      | Gained mutation: Your movements are less encumbered by
                  | armour. (ER -4) [Skeleton growth]
  9942 | D:7      | Reached XP level 10. HP: 59/60 MP: 11/11
 10118 | D:7      | Found a staircase to the Ecumenical Temple.
 10398 | D:7      | Found Dak Byru's Jewellery Boutique.
 10407 | D:7      | Found a hide-covered altar of Uskayaw.
 10755 | D:8      | Noticed a torpor snail
 10760 | D:8      | Noticed a faun
 10760 | D:8      | a torpor snail changed into a faun
 10761 | D:8      | Noticed a shining eye
 10761 | D:8      | a faun changed into a shining eye
 10776 | D:8      | Killed a shining eye
 10777 | D:8      | Reached skill level 10 in Shields
 10832 | D:8      | Reached skill level 7 in Fighting
 10967 | D:8      | Noticed Pikel
 10992 | D:8      | Killed Pikel
 10993 | D:8      | Reached skill level 8 in Fighting
 11067 | D:8      | Found Punno's Food Shop.
 11152 | D:8      | Found a hazy altar of Hepliaklqana.
 11234 | D:8      | Reached skill level 9 in Fighting
 11504 | D:9      | Noticed a cyclops
 11589 | D:9      | Found a sparkling altar of Nemelex Xobeh.
 11589 | D:9      | Noticed a centaur warrior
 11589 | D:9      | Noticed a cyclops
 11639 | D:9      | Killed a cyclops
 11640 | D:9      | Reached skill level 10 in Fighting
 11653 | D:9      | Killed a centaur warrior
 11654 | D:9      | Reached XP level 11. HP: 73/73 MP: 12/12
 11659 | D:9      | Killed a cyclops
 11824 | D:9      | Reached skill level 11 in Fighting
 11834 | D:9      | Noticed a two-headed ogre
 11855 | D:9      | Killed a two-headed ogre
 11883 | D:9      | Found an ancient bone altar of Kikubaaqudgha.
 11981 | D:9      | Found a staircase to the Lair.
 12374 | D:9      | Found a staircase to the Lair.
 12594 | Lair:1   | Entered Level 1 of the Lair of Beasts
 12630 | Lair:1   | Reached skill level 12 in Fighting
 13069 | Lair:1   | Got a wavering glass ring
 13466 | Lair:1   | Found a shimmering altar of Xom.
 13472 | Lair:1   | Reached skill level 5 in Armour
 13503 | Lair:1   | Noticed Harold
 13542 | Lair:1   | Killed Harold
 14681 | Lair:1   | Found a shimmering altar of Xom.
 15606 | Lair:2   | Reached XP level 12. HP: 81/81 MP: 13/13
 15793 | Lair:2   | Identified the ring of Summertime {rF+ rC+ Int+2 Stlth+}
                  | (You found it on level 1 of the Lair of Beasts)
 15971 | Lair:2   | Found a staircase to the Shoals.
 16133 | Lair:2   | Found a dark tunnel.
 16461 | Lair:2   | Found a staircase to the Shoals.
 18272 | Lair:4   | Noticed a five-headed hydra
 18286 | Lair:4   | Killed a five-headed hydra
 18304 | Lair:4   | Found a hole to the Spider Nest.
 18426 | Lair:4   | Noticed an eight-headed hydra
 18430 | Lair:4   | Noticed Rupert
 18889 | Lair:4   | Reached skill level 5 in Dodging
 18979 | Lair:4   | Noticed an alligator
 18994 | Lair:4   | Killed an alligator
 19240 | Lair:4   | Noticed a queen ant
 19381 | Lair:4   | Reached skill level 10 in Armour
 19418 | Lair:4   | Killed an eight-headed hydra
 19530 | Lair:4   | Reached XP level 13. HP: 76/86 MP: 11/14
 19988 | Lair:5   | Found a glowing golden altar of the Shining One.
 20085 | Lair:5   | Noticed Urug
 20183 | Lair:5   | Killed Urug
 20441 | Lair:5   | Noticed Sonja
 20444 | Lair:5   | Killed Sonja
 20642 | Lair:5   | Noticed Grum
 20660 | Lair:5   | Killed Grum
 20661 | Lair:5   | Reached skill level 13 in Fighting
 21063 | Lair:6   | Entered Level 6 of the Lair of Beasts
 21135 | Lair:6   | Found a staircase to the Elven Halls.
 21644 | Lair:6   | Reached skill level 14 in Fighting
 22054 | Lair:6   | Noticed a fire dragon
 22054 | Lair:6   | Noticed a fire dragon
 22300 | Lair:6   | Reached XP level 14. HP: 82/96 MP: 13/15
 22441 | Lair:6   | Found a large runed door.
 22441 | Lair:6   | Found a large runed door.
 22816 | Lair:6   | Found a large runed door.
 22816 | Lair:6   | Found a large runed door.
 23377 | Lair:6   | Found a staircase to the Elven Halls.
 23847 | D:10     | Entered Level 10 of the Dungeon
 24265 | D:10     | Identified Ippib's Papyrus of Sinister Arts
 24807 | D:10     | Found the +2 shield of Resistance {rF+ rC+ MR+}
 24807 | D:10     | Found a runed door.
 24807 | D:10     | Found a runed door.
 24970 | D:10     | Found a staircase to the Orcish Mines.
 25583 | D:11     | Found a runed door.
 25993 | D:11     | Found a runed door.
 26279 | D:11     | Found a gate to the Vaults.
 26313 | D:11     | Found a glowing silver altar of Zin.
 26313 | D:11     | Noticed an angel
 26318 | D:11     | Found a runed door.
 26730 | D:12     | Entered Level 12 of the Dungeon
 27510 | D:12     | Found a staircase to the Depths.
 27667 | D:12     | Reached XP level 15. HP: 93/101 MP: 13/16
 27955 | Orc      | Entered the Orcish Mines
 28207 | Orc      | Found a viscous altar of Jiyva.
 28208 | Orc      | Found a staircase to the Slime Pits.
 28487 | Orc      | Reached skill level 15 in Fighting
 28817 | Orc      | Found Rebaresk's Distillery.
 28817 | Orc      | Found Ozipoehag's Antique Armour Shoppe.
 28818 | Orc      | Found Nyum's Armour Shoppe.
 28818 | Orc      | Found Jaefuew's Antique Weapon Shop.
 28891 | Orc      | Bought the +3 crown of Dyrovepreva {rElec Int+2 SInv} for
                  | 579 gold pieces
 28891 | Orc      | Found the +3 crown of Dyrovepreva {rElec Int+2 SInv}
 28903 | Orc      | Bought a runed war axe for 201 gold pieces
 28906 | Orc      | Bought a fading helmet for 228 gold pieces
 28906 | Orc      | Bought a glowing chain mail for 180 gold pieces
 28916 | Orc      | Identified the cursed +0 helmet of Meqiu {rN+ Str+2} (You
                  | bought it in a shop in the Orcish Mines)
 29013 | Orc      | Found Tiojieso's Assorted Antiques.
 29054 | Orc      | Reached skill level 16 in Fighting
 29064 | Orc      | Reached skill level 1 in Axes
 29397 | Orc      | Found Zoothruix's Antique Weapon Emporium.
 29415 | Orc      | Reached skill level 5 in Axes
 29613 | Orc      | Found a radiant altar of Vehumet.
 29835 | Orc      | Found Tiojieso's Assorted Antiques.
 29903 | Orc      | Found a staircase to the Slime Pits.
 29904 | Orc      | Found a viscous altar of Jiyva.
 29936 | Orc      | Found Rebaresk's Distillery.
 29941 | Orc      | Found Nyum's Armour Shoppe.
 29941 | Orc      | Found Jaefuew's Antique Weapon Shop.
 29941 | Orc      | Found Ozipoehag's Antique Armour Shoppe.
 30219 | Orc      | Found Zoothruix's Antique Weapon Emporium.
 30254 | Orc      | Found a radiant altar of Vehumet.
 30578 | Spider:1 | Entered Level 1 of the Spider Nest
 30801 | Spider:1 | Noticed a ghost moth
 30832 | Spider:1 | Killed a ghost moth
 31234 | Spider:1 | Reached skill level 10 in Axes
 31506 | Spider:1 | Gained mutation: You regenerate health from kills.
                  | [Skeleton growth]
 31506 | Spider:1 | Reached XP level 16. HP: 57/110 MP: 8/17
 32453 | Spider:2 | Noticed Roxanne
 32660 | Spider:2 | Noticed Agnes
 32682 | Spider:1 | Killed Agnes
 33093 | Spider:3 | Entered Level 3 of the Spider Nest
 34875 | Spider:3 | Got a gossamer rune of Zot
 35814 | Lair:4   | Killed Rupert
 35815 | Lair:4   | Reached skill level 17 in Fighting
 35857 | Elf:1    | Entered Level 1 of the Elven Halls
 36263 | D:6      | Bought a scroll of teleportation for 39 gold pieces
 36578 | D:5      | Found Tirauma's Magic Scroll Boutique.
 37338 | Shoals:1 | Entered Level 1 of the Shoals
 37392 | Shoals:1 | Found Oxuoju's General Store.
 37814 | Shoals:2 | Reached XP level 17. HP: 119/119 MP: 18/18
 38108 | Shoals:2 | Found Xodgh's Armour Shop.
 38118 | Shoals:2 | Bought a +2 pair of boots of running for 747 gold pieces
 38190 | Shoals:2 | Found a transporter.
 38193 | Shoals:2 | Noticed case's ghost (adept MiBe)
 38242 | Shoals:2 | Found a transporter.
 38286 | Shoals:2 | Reached skill level 18 in Fighting
 38297 | Shoals:2 | Reached skill level 1 in Throwing
 38395 | Shoals:3 | Entered Level 3 of the Shoals
 39491 | Shoals:3 | Identified the ring "Fafays" {Wiz rF+}
 39745 | Shoals:3 | Reached skill level 15 in Shields
 39993 | Shoals:3 | Noticed Polyphemus
 40022 | Shoals:3 | Killed Polyphemus
 40192 | Shoals:3 | Got a barnacled rune of Zot
 40482 | Shoals:1 | Found Poezeak's Magic Scroll Shoppe.
 40496 | Shoals:1 | Bought a scroll of teleportation for 45 gold pieces
 40496 | Shoals:1 | Bought a scroll of teleportation for 45 gold pieces
 40496 | Shoals:1 | Bought a scroll of fog for 30 gold pieces
 40496 | Shoals:1 | Bought a scroll of fear for 75 gold pieces
 40496 | Shoals:1 | Bought a scroll of revelation for 60 gold pieces
 40751 | Shoals:1 | Found Bogofich's General Store.
 40760 | Shoals:1 | Bought a scroll of blinking for 90 gold pieces
 41091 | Shoals:1 | Found Bogofich's General Store.
 41272 | Shoals:1 | Found Poezeak's Magic Scroll Shoppe.
 41403 | Shoals:1 | Found Oxuoju's General Store.
 41635 | Vaults:1 | Entered Level 1 of the Vaults
 42141 | Vaults:1 | Reached XP level 18. HP: 126/126 MP: 19/19
 42553 | Vaults:1 | Reached skill level 19 in Fighting
 42919 | Vaults:1 | Reached skill level 15 in Armour
 43311 | Vaults:1 | Reached skill level 20 in Fighting
 43371 | Vaults:1 | Found a staircase to the Crypt.
 44092 | Vaults:1 | Reached XP level 19. HP: 136/136 MP: 20/20
 44347 | Vaults:1 | Found a staircase to the Crypt.
 45336 | Vaults:1 | Found a staircase to the Crypt.
 46115 | Vaults:1 | Found a staircase to the Crypt.
 47289 | Vaults:2 | Reached skill level 21 in Fighting
 47620 | Vaults:2 | Noticed Sojobo
 47627 | Vaults:2 | Reached skill level 5 in Throwing
 47954 | Vaults:2 | Reached skill level 10 in Dodging
 47973 | Vaults:2 | Killed from afar by Sojobo

Skill      XL: |  1  2  3  4  5  6  7  8  9 10 11 12 13 14 15 16 17 18 19 |
---------------+----------------------------------------------------------+-----
Fighting       | 3 4 5 6 10 12 14 16 17 18 20 21 | 21.0
Short Blades   | 3 5 |  5.0
Dodging        | 2 3 4 5 6 8 9 10 | 10.0
Armour         | 1 4 6 10 11 14 15 | 15.0
Polearms       | 2 9 10 12 14 | 14.0
Shields        | 8 10 11 14 16 | 16.0
Axes           | 10 13 | 13.7
Throwing       | 4 5 |  5.0
Stealth        | |  4.8
Evocations     | |  1.7

Action                   |  1- 3 |  4- 6 |  7- 9 | 10-12 | 13-15 | 16-18 | 19-21 || total
-------------------------+-------+-------+-------+-------+-------+-------+-------++-------
Melee: Short sword       |    54 |    44 |   175 |       |       |       |       ||   273
       Dagger            |    97 |    67 |       |       |       |       |       ||   164
       Trident           |       |       |    80 |  1278 |  2386 |       |       ||  3744
       Lajatang          |       |       |    47 |       |       |       |       ||    47
       War axe           |       |       |       |       |    43 |  1569 |   287 ||  1899
 Fire: Blowgun           |     1 |    19 |    10 |       |       |       |       ||    30
Throw: Stone             |    24 |     1 |     5 |       |       |       |       ||    30
       Tomahawk          |       |       |    20 |    40 |    65 |   132 |     2 ||   259
       Throwing net      |       |       |       |       |     4 |       |       ||     4
       Javelin           |       |       |       |       |       |    18 |       ||    18
Invok: Potion Petition   |       |       |       |     1 |     1 |    10 |       ||    12
Evoke: Wand              |       |       |     1 |     7 |     9 |    68 |     6 ||    91
  Use: Scroll            |     3 |     3 |     6 |     8 |     5 |     7 |     2 ||    34
 Stab: Sleeping          |     9 |     5 |     2 |     1 |       |     3 |     3 ||    23
       Distracted        |       |       |     1 |     4 |     7 |     6 |     2 ||    20
       Confused          |       |       |       |       |    11 |       |       ||    11
       Held in net/web   |       |       |       |       |     2 |       |       ||     2
       Invisible         |       |       |       |       |     4 |     8 |       ||    12
       Paralysed         |       |       |       |       |       |     1 |       ||     1
Armor: Robe              |    25 |    10 |       |       |       |       |       ||    35
       Ring mail         |       |    10 |    18 |       |       |       |       ||    28
       Scale mail        |       |       |    29 |       |    53 |   236 |       ||   318
       Chain mail        |       |       |    67 |       |       |   164 |   126 ||   357
       Plate armour      |       |       |       |   578 |   815 |   324 |       ||  1717
Dodge: Dodged            |    63 |    31 |   149 |   249 |   521 |   676 |    99 ||  1788
Block: Medium shield     |       |       |       |   538 |  1021 |  1017 |   195 ||  2771
